 Dungeon Crawl Stone Soup version 0.21.0 (webtiles) character file.

11297 Hekarica the Cleaver (level 11, -2/60 HPs)
             Began as a Vine Stalker Fighter on May 23, 2018.
             Was an Initiate of Gozag.
             Slain by an elephant (4 damage)
             ... on level 2 of the Lair of Beasts.
             The game lasted 00:49:26 (7493 turns).

Hekarica the Cleaver (Vine Stalker Fighter)         Turns: 7493, Time: 00:49:33

Health: -2/60      AC: 13    Str: 24    XL:     11   Next: 75%
Magic:  0/12       EV:  8    Int: 13    God:    Gozag
Gold:   363        SH: 13    Dex: 22    Spells: 10/10 levels left

rFire    + . .     SeeInvis +   F - +4 scimitar (flame)
rCold    + . .     Gourm    .   c - +1 shield
rNeg     + . .     Faith    .   b - +0 scale mail
rPois    +         Spirit   +   (no helmet)
rElec    .         Reflect  .   v - +2 cloak {rPois}
rCorr    +         Harm     .   w - +0 pair of gloves
MR       ++...                  D - +0 pair of boots of Kleptomania {rCorr Int+5}
Stlth    ..........             L - amulet of Noddooz {*Corrode +Rage rC+ Str+2 Dex+4}
HPRegen  0.60/turn              J - ring of Xom's Recklessness {rN+ MR+ Dex+4 SInv}
MPRegen  0.13/turn              h - ring of protection from fire

@: gold aura
A: fangs 3, regeneration 1, magic shield, antimagic bite, no potion heal 3, rot
immunity
a: Potion Petition, Call Merchant, Bribe Branch, Renounce Religion, Evoke
Berserk Rage


You were on level 2 of the Lair of Beasts.
You worshipped Gozag.
Gozag was aware of your devotion.
You were not hungry.

You visited 2 branches of the dungeon, and saw 11 of its levels.
You also visited: Sewer.

You collected 1997 gold pieces.
You spent 1615 gold pieces at shops.
You paid 19 gold pieces to Gozag.

Inventory:

Hand Weapons
 a - a +4 war axe of freezing
 u - the +2 mace of Income {crush, rElec rN+}
   (You found it on level 5 of the Dungeon)

   It inflicts extra damage upon your enemies.
   It insulates you from electricity.
   It protects you from negative energy.
 F - a +4 scimitar of flaming (weapon)
Missiles
 q - 2 javelins of returning (quivered)
Armour
 b - a +0 scale mail (worn)
 c - a +1 shield (worn)
 s - a +2 robe of magic resistance
 v - a +2 cloak of poison resistance (worn)
 w - a +0 pair of gloves (worn)
 D - the +0 pair of boots of Kleptomania (worn) {rCorr Int+5}
   (You acquired it on level 8 of the Dungeon)

   It affects your intelligence (+5).
   It protects you from acid and corrosion.
Jewellery
 h - a ring of protection from fire (right hand)
 J - the ring of Xom's Recklessness (left hand) {rN+ MR+ Dex+4 SInv}
   (You bought it in a shop on level 9 of the Dungeon)

   [ring of see invisible]

   It affects your dexterity (+4).
   It protects you from negative energy.
   It affects your resistance to hostile enchantments.
   It lets you see invisible.
 L - the amulet of Noddooz (around neck) {*Corrode +Rage rC+ Str+2 Dex+4}
   (You bought it in a shop on level 9 of the Dungeon)

   [amulet of rage]

   It affects your strength (+2).
   It affects your dexterity (+4).
   It protects you from cold.
   It lets you go berserk.
   It may corrode you when you take damage.
Wands
 m - a wand of enslavement (8)
 t - a wand of clouds (8)
 H - a wand of polymorph (4)
 K - a wand of acid (8)
Scrolls
 e - 5 scrolls of identify
 g - a scroll of magic mapping
 l - a scroll of blinking
 o - 2 scrolls of remove curse
 y - a scroll of fear
 B - 3 scrolls of teleportation
Potions
 d - 2 potions of lignification
 i - 4 potions of curing
 j - 3 potions of haste
 p - 3 potions of brilliance
 x - a potion of might
 A - 2 potions of invisibility
 I - 2 potions of flight
Comestibles
 f - 7 rations


   Skills:
 + Level 8.1 Fighting
 + Level 4.5 Long Blades
 + Level 9.7 Axes
 + Level 7.3 Armour
 + Level 8.1 Shields


You had 10 spell levels left.
You didn't know any spells.

Dungeon Overview and Level Annotations

Branches:
Dungeon (9/15)             Temple (0/1) D:5            Lair (2/6) D:9
  Swamp (0/4) Lair:2
  Snake: Lair:2-4    Spider: Lair:2-4       Orc: D:9-12

Altars:
Elyvilon
Fedhas
Gozag
Hepliaklqana
Makhleb
Nemelex Xobeh
Okawaru
Qazlal
Sif Muna
Trog
Wu Jian
Xom
Yredelemnul
Zin

Shops:
D:4 (   D:6 :   D:9 *

Annotations:
Lair:1 Gastronok


Innate Abilities, Weirdness & Mutations

You have razor-sharp teeth.
Your natural rate of healing is unusually fast.
When hurt, damage is shared between your health and your magic reserves.
Your bite disrupts and absorbs the magic of your enemies.
Potions cannot restore your health.
You are immune to rotting.


Message History

The bolt of electricity hits you!
* * * LOW HITPOINT WARNING * * *
An elephant comes into view.
Found a scroll of identify.
You hit the elephant. You burn the elephant.
You bite the elephant, but do no damage.
The elephant is lightly wounded.
The electric eel shoots out a bolt of lightning at you!
The bolt of electricity hits you!
* * * LOW HITPOINT WARNING * * *
The bolt of electricity hits the plant.
The elephant tramples you but does no damage.
You block the elephant's attack.
You hit the elephant. You burn the elephant. You bite the elephant.
You drain its power.
You feel invigorated.
The elephant is lightly wounded.
You are no longer corroded.
The elephant tramples you.
You die...
Your body crumbles into a pile of gold.

...§§§§§.##..
##.§§≈§≈...... .
#..§§§§≈§§..# ..
#.§§§§≈≈..P# ...
#..§§≈§≈§..# ....
#...≈;≈§...# ## .....
##....$....###.##
......##......[...P#.#..
......Y@...<............
?.....P.#.P##.#P........
..#...##########..#P..##
P...P. #P......... #...#
#.......... #...
###........ ###
#........ #<.#.....
#....#.#..


You could see an elephant and an electric eel.

Vanquished Creatures
  A hydra (Lair:1)
  Erica (D:8)
  The ghost of dsb250 the Fighter, a novice MiMo of Cheibriados (D:8)
  2 two-headed ogres
  Pikel (D:7)
  3 hippogriffs
  Sigmund (D:2)
  12 yaks
  A wyvern (Lair:1)
  A hungry ghost (D:7)
  Menkaure (D:5)
  Edmund (D:4)
  4 water moccasins
  2 porcupines (Lair:1)
  2 orc warriors
  3 ice beasts (D:7)
  A slave (D:7)
  2 sky beasts
  3 phantoms
  4 centaurs
  3 ogres
  5 crocodiles
  Blork the orc (D:4)
  A big kobold (D:9)
  2 bullfrogs (D:9)
  A wyvern zombie (D:8)
  A jelly (D:6)
  4 howler monkeys
  2 crimson imps
  2 centaur zombies
  A bullfrog zombie (D:7)
  5 hounds
  A centaur skeleton (D:3)
  7 orc priests
  Crazy Yiuf (D:5)
  3 bullfrog skeletons
  Jessica (D:3)
  Natasha (thrice) (D:2)
  2 iguanas (D:4)
  5 orc wizards
  4 worker ants
  A hound zombie (D:7)
  A howler monkey zombie (D:8)
  2 worker ant zombies (D:6)
  Robin (D:4)
  16 adders
  A river rat (D:6)
  3 shadow imps
  3 oozes
  2 worms
  A dart slug (D:1)
  3 leopard geckos
  24 orcs
  7 bats
  8 giant cockroaches
  12 hobgoblins
  13 jackals
  2 quokkas
  4 ball pythons
  14 frilled lizards
  12 goblins
  17 kobolds
  A quokka skeleton (D:5)
  13 rats
  A fungus (Lair:1)
  6 plants (Sewer)
270 creatures vanquished.

Vanquished Creatures (others)
  An orc wizard (D:5)
  25 fungi
  A plant (D:9)
27 creatures vanquished.

Grand Total: 297 creatures vanquished

Notes
Turn   | Place    | Note
-------+----------+-------------------------------------------
     0 | D:1      | Hekarica the Vine Stalker Fighter began the quest for the Orb.
     0 | D:1      | Reached XP level 1. HP: 11/11 MP: 2/2
    77 | D:1      | Reached skill level 2 in Axes
   101 | D:1      | Reached XP level 2. HP: 13/16 MP: 3/3
   254 | D:1      | Reached XP level 3. HP: 16/19 MP: 4/4
   524 | D:2      | Gained mutation: Your natural rate of healing is unusually fast. [Vine Stalker growth]
   524 | D:2      | Reached XP level 4. HP: 23/24 MP: 3/5
   662 | D:2      | Noticed Natasha
   675 | D:2      | Killed Natasha
   675 | D:2      | Reached skill level 3 in Axes
   692 | D:2      | Noticed Sigmund
   719 | D:2      | HP: 1/24 [Sigmund/scythe (4)]
   720 | D:2      | Killed Sigmund
   720 | D:2      | Reached XP level 5. HP: 1/28 MP: 6/6
   720 | D:2      | Reached XP level 6. HP: 2/32 MP: 7/7
   839 | D:2      | Noticed Natasha
   843 | D:2      | Killed Natasha
   866 | D:2      | Noticed Natasha
   876 | D:2      | Killed Natasha
   876 | D:2      | Reached skill level 4 in Axes
   882 | D:2      | Found a hazy altar of Hepliaklqana.
   885 | D:2      | Found a shimmering altar of Xom.
   885 | D:2      | Noticed a thorn hunter
   886 | D:2      | Noticed a thorn hunter
   886 | D:2      | Noticed a spectral ugly thing
   908 | D:2      | Found an opulent altar of Gozag.
   948 | D:2      | Became a worshipper of Gozag Ym Sagoz the Greedy
  1180 | D:3      | Noticed Jessica
  1182 | D:3      | Killed Jessica
  1526 | D:4      | Noticed Robin
  1549 | D:4      | Killed Robin
  1570 | D:4      | Reached XP level 7. HP: 37/37 MP: 8/8
  1704 | D:4      | Noticed Blork the orc
  1723 | D:4      | Killed Blork the orc
  1723 | D:4      | Reached skill level 5 in Axes
  1734 | D:4      | Found Nymneow's Antique Weapon Boutique.
  1765 | D:4      | Bought a glowing war axe for 175 gold pieces
  1765 | D:4      | Bought a glowing hand axe for 162 gold pieces
  1834 | D:4      | Found a stormy altar of Qazlal.
  1834 | D:4      | Noticed a hippogriff
  1843 | D:4      | Killed a hippogriff
  1843 | D:4      | Gained mutation: You have razor-sharp teeth. [Vine Stalker growth]
  1843 | D:4      | Reached XP level 8. HP: 39/42 MP: 7/9
  1844 | D:4      | Noticed Edmund
  1866 | D:4      | Killed Edmund
  1876 | D:4      | Found a blossoming altar of Fedhas.
  2071 | D:5      | Entered Level 5 of the Dungeon
  2141 | D:5      | Found a runed door.
  2145 | D:5      | Noticed Crazy Yiuf
  2148 | D:5      | Killed Crazy Yiuf
  2254 | D:5      | Got an encrusted mace
  2259 | D:5      | Identified the cursed +2 mace of Income {crush, rElec rN+} (You found it on level 5 of the Dungeon)
  2290 | D:5      | Reached skill level 6 in Axes
  2303 | D:5      | Found a staircase to the Ecumenical Temple.
  2335 | D:5      | Found a basalt altar of Yredelemnul.
  2340 | D:5      | Noticed Menkaure
  2347 | D:5      | Killed Menkaure
  2347 | D:5      | Reached skill level 5 in Fighting
  2347 | D:5      | Reached skill level 5 in Shields
  2427 | D:5      | Found a deep blue altar of Sif Muna.
  2928 | D:6      | Reached XP level 9. HP: 45/47 MP: 10/10
  2991 | D:6      | Found an iron altar of Okawaru.
  3001 | D:6      | Found an ornate altar of the Wu Jian Council.
  3002 | D:6      | Found a white marble altar of Elyvilon.
  3008 | D:6      | Found a sparkling altar of Nemelex Xobeh.
  3255 | D:6      | Found a glowing drain.
  3262 | Sewer    | Entered a sewer
  3878 | D:6      | Reached skill level 7 in Axes
  3878 | D:6      | Reached skill level 5 in Armour
  3995 | D:6      | Found Rauphu Hyde's Book Boutique.
  4524 | D:7      | Noticed Pikel
  4537 | D:7      | Killed Pikel
  4603 | D:7      | Reached skill level 8 in Axes
  4668 | D:7      | Reached XP level 10. HP: 28/53 MP: 11/11
  4868 | D:8      | Noticed a two-headed ogre
  4875 | D:8      | Killed a two-headed ogre
  4880 | D:8      | Noticed dsb250's ghost (novice MiMo)
  4897 | D:8      | Killed dsb250's ghost
  4897 | D:8      | Reached skill level 9 in Axes
  4999 | D:8      | Found a burning altar of Makhleb.
  5048 | D:8      | Noticed Erica
  5054 | D:8      | Killed Erica
  5698 | D:8      | Identified a scroll of acquirement
  5701 | D:8      | Got a pair of dazzling boots
  5707 | D:8      | Identified the +0 pair of boots of Kleptomania {rCorr Int+5} (You acquired it on level 8 of the Dungeon)
  5825 | D:9      | Found Alojad's General Store.
  5828 | D:9      | Bought a potion of curing for 33 gold pieces
  5828 | D:9      | Bought the ring of Xom's Recklessness {rN+ MR+ Dex+4 SInv} for 442 gold pieces
  5828 | D:9      | Bought a scroll of identify for 22 gold pieces
  5828 | D:9      | Bought a ration for 55 gold pieces
  5828 | D:9      | Bought a ration for 55 gold pieces
  5867 | D:9      | Reached skill level 1 in Long Blades
  5886 | D:9      | Found a bloodstained altar of Trog.
  5902 | D:9      | Reached XP level 11. HP: 58/58 MP: 12/12
  6015 | D:9      | Noticed a two-headed ogre
  6026 | D:9      | Killed a two-headed ogre
  6092 | D:9      | Found a glowing silver altar of Zin.
  6308 | D:9      | Found a staircase to the Lair.
  6402 | D:9      | Found a flagged portal.
  6503 | D:9      | Bought the amulet of Noddooz {*Corrode +Rage rC+ Str+2 Dex+4} for 671 gold pieces
  6543 | Lair:1   | Entered Level 1 of the Lair of Beasts
  6834 | Lair:1   | Found an iron altar of Okawaru.
  6963 | Lair:1   | Noticed an eight-headed hydra
  6971 | Lair:1   | Killed a three-headed hydra
  6972 | Lair:1   | Noticed Gastronok
  7359 | Lair:2   | Found a staircase to the Swamp.
  7488 | Lair:2   | HP: 1/60 [electric eel/bolt of electricity (7)]
  7493 | Lair:2   | Slain by an elephant

Skill      XL: |  1  2  3  4  5  6  7  8  9 10 11 |
---------------+----------------------------------+-----
Axes           | 2 3 4 5 6 8 9 |  9.7
Fighting       | 3 4 5 6 7 8 |  8.1
Shields        | 3 4 5 6 7 8 |  8.1
Armour         | 3 4 5 6 7 |  7.3
Long Blades    | 1 4 |  4.5

Action                   |  1- 3 |  4- 6 |  7- 9 | 10-12 || total
-------------------------+-------+-------+-------+-------++-------
Melee: War axe           |    60 |   116 |   305 |    77 ||   558
       Bite              |    16 |    32 |    89 |   119 ||   256
       Scimitar          |       |       |       |   180 ||   180
Invok: Potion Petition   |       |       |       |     1 ||     1
  Use: Scroll            |     1 |     9 |     9 |     3 ||    22
       Potion            |       |     3 |     6 |     6 ||    15
 Stab: Distracted        |       |     1 |       |     3 ||     4
       Invisible         |       |       |       |     3 ||     3
  Eat: Ration            |       |     1 |     3 |     3 ||     7
Armor: Scale mail        |    26 |    36 |    83 |    81 ||   226
Dodge: Dodged            |    17 |    29 |    56 |    58 ||   160
Block: Shield            |    30 |    52 |   151 |   164 ||   397
       Rpst.: Scimitar   |       |       |       |     8 ||     8
